 Dungeon Crawl Stone Soup version 0.27-a0-988-g25969acef8 (webtiles) character file.

Game seed: 18136886317327865148

39948 porpoise the Fighter (level 14, -9/112 HPs)
             Began as a Djinni Conjurer on Apr 16, 2021.
             Was a High Priest of Makhleb.
             Killed from afar by an oklob plant (15 damage)
             ... with a splash of acid
             ... on level 4 of the Lair of Beasts.
             The game lasted 01:40:51 (22869 turns).

porpoise the Fighter (Djinni Conjurer)             Turns: 22869, Time: 01:40:51

Health: -9/112     AC:  2    Str: 14    XL:     14   Next: 8%
Gold:   650        EV: 19    Int: 23    God:    Makhleb [*****.] SH:  0 Dex: 13

rFire    + + .     SeeInvis +   a - +2 hand axe of the Immovable Seers {freeze, rElec SInv}
rCold    x . .     Faith    .   (no shield)
rNeg     . . .     Spirit   .   S - +2 leather armour of Vugulutt {Drain +Blink Str+5 Int+2}
rPois    ∞         Reflect  .   h - +0 helmet
rElec    +         Harm     .   v - +0 cloak
rCorr    .         Rampage  .   A - +1 pair of gloves
Will     ++...                  (boots unavailable)
Stlth    +++.......             c - amulet of regeneration
HPRegen  1.28/turn              o - +4 ring of evasion
MPRegen  0.00/turn              q - ring of willpower

@: corroded, flying
A: fire resistance 2, cold vulnerability 1, float, innate caster, hp casting,
extra vitality 1
a: Renounce Religion, Evoke Blink, Minor Destruction, Lesser Servant of Makhleb,
Major Destruction, Greater Servant of Makhleb


You were on level 4 of the Lair of Beasts.
You worshipped Makhleb.
Makhleb was extremely pleased with you.
You visited 2 branches of the dungeon, and saw 17 of its levels.
You also visited: Volcano.

You collected 1266 gold pieces.
You spent 616 gold pieces at shops.

Inventory:

Hand Weapons
 a - the +2 hand axe of the Immovable Seers (weapon) {freeze, rElec SInv}
   (You found it on level 11 of the Dungeon)

   It has been specially enchanted to freeze those struck by it, causing extra
   injury to most foes and up to half again as much damage against particularly
   susceptible opponents.
   It can also slow down cold-blooded creatures.
   It insulates you from electricity.
   It lets you see invisible.
 b - the +9 shortbow "Nuvuwoupt" {speed, Str+5}
   (You found it on level 9 of the Dungeon)

   Attacks with this weapon are significantly faster.
   It affects your strength (+5).
 i - a +3 quick blade of freezing
Missiles
 g - 229 arrows
 k - 35 bolts
 l - 52 stones
 x - 72 sling bullets
 O - 2 curare-tipped darts (quivered)
Armour
 h - a +0 helmet (worn)
 v - a +0 cloak (worn)
 A - a +1 pair of gloves (worn)
 S - the +2 leather armour of Vugulutt (worn) {Drain +Blink Str+5 Int+2}
   (You bought it in a shop on level 4 of the Dungeon)

   It affects your strength (+5).
   It affects your intelligence (+2).
   It lets you blink.
   It drains your maximum health when unequipped.
Magical Staves
 M - a staff of poison
Jewellery
 c - an amulet of regeneration (around neck)
 o - a +4 ring of evasion (left hand)
 q - a ring of willpower (right hand)
 N - an amulet of reflection
Wands
 t - a wand of acid (8)
 z - a wand of flame (35)
 C - a wand of mindburst (13)
 D - a wand of polymorph (9)
 F - a wand of iceblast (5)
 I - a wand of charming (10)
 Y - a wand of digging (9)
Scrolls
 d - 5 scrolls of identify
 j - 2 scrolls of noise
 n - a scroll of silence
 s - 5 scrolls of teleportation
 u - 2 scrolls of magic mapping
 w - a scroll of enchant weapon
 y - a scroll of summoning
 B - a scroll of enchant armour
 E - 3 scrolls of fog
 G - 4 scrolls of fear
 H - a scroll of vulnerability {unknown}
 J - a scroll of blinking {unknown}
 K - a scroll of brand weapon
 W - a scroll of holy word {unknown}
Potions
 e - 6 potions of heal wounds
 f - a potion of might
 m - 4 potions of resistance
 p - a potion of attraction
 r - 6 potions of curing
 T - 2 potions of lignification
 U - a potion of haste
Miscellaneous
 L - a lightning rod (4/4)
 X - a phial of floods


   Skills:
 - Level 14.0 Fighting
 - Level 7.0 Armour
 - Level 9.0 Dodging
 - Level 5.0 Stealth
 - Level 4.0 Shields
 + Level 11.0 Spellcasting
 - Level 5.0 Invocations
 + Level 6.4 Evocations


You had one spell level left.
You knew the following spells:

 Your Spells              Type           Power      Damage    Failure   Level
a - Magic Dart            Conj           100%       1d8       1%          1
b - Searing Ray           Conj           100%       3d7       1%          2
c - Fulminant Prism       Conj/Hex       29%        3d14      1%          4
d - Dazzling Flash        Conj/Hex       100%       N/A       1%          3
e - Iskenderun's Mystic   Conj/Tloc      59%        2d12      1%          4
f - Beastly Appendage     Tmut           100%       N/A       1%          1
g - Passwall              Tmut/Erth      49%        N/A       1%          2
i - Summon Ice Beast      Ice/Summ       59%        N/A       1%          4
m - Manifold Assault      Tloc           59%        N/A       1%          5
s - Stone Arrow           Conj/Erth      100%       3d13      1%          3
v - Borgnjor's Vile Clut  Necr/Erth      29%        N/A       1%          5
Your spell library was empty.

Dungeon Overview and Level Annotations

Branches:
Dungeon (13/15)            Temple (0/1) D:7            Lair (4/6) D:11
 Shoals (0/4) Lair:2       Spider (0/4) Lair:4          Orc (0/2) D:10
Volcano (visited)
 Vaults: D:13-14

Altars:
Ashenzari
Cheibriados
Dithmenos
Fedhas
Gozag
Hepliaklqana
Kikubaaqudgha
Makhleb
Nemelex Xobeh
Qazlal
Sif Muna
Trog
Vehumet
Yredelemnul

Shops:
D:4 [   D:8 ?*:

Portals:
Trove: D:11 (give +3 gold dragon scales)

Annotations:
Lair:1 exclusion: obsidian statue
Lair:4 exclusion: 3 oklob plants


Innate Abilities, Weirdness & Mutations

You are immune to poison.
Your flesh is very heat resistant. (rF++)
You are vulnerable to cold. (rC-)
You float through the air rather than walking.
You learn spells naturally, not from books.
Your magical power is your life essence.
You have superior vitality. (+4 HP)


Message History

Your fulminant prism crackles loudly.
Your fulminant prism crackles loudly.
Your fulminant prism explodes!
The blast of energy engulfs the oklob plant!!
The oklob plant is heavily damaged.
The blast of energy engulfs the oklob plant!!
The oklob plant is almost destroyed.
The blast of energy engulfs the oklob plant!
The oklob plant is moderately damaged.
Your fulminant prism explodes!
You start resting.
You are no longer corroded.
Really fly into a travel-excluded area?
The oklob plant spits acid at you. The splash of acid hits you.
You are splashed with acid!
The oklob plant spits acid at you. The splash of acid hits you.
You are splashed with acid!
The oklob plant spits acid at you. The splash of acid hits you.
You are splashed with acid!
Casting: Fulminant Prism (mildly dangerous; 1% risk of failure)
Confirm with . or Enter, or press ? or * to list all spells.
Aiming: Fulminant Prism (mildly dangerous; 1% risk of failure)
Press: ? - help, Dir - move target You conjure a prism of explosive energy!
A fulminant prism comes into view.
The oklob plant spits acid at you.
The splash of acid hits your fulminant prism!
Your fulminant prism is splashed with acid!
Your fulminant prism detonates feebly.
The oklob plant spits acid at you. The splash of acid hits you.
The acid corrodes you!
You are splashed with acid!
* * * LOW HITPOINT WARNING * * *
The oklob plant spits acid at you. The splash of acid hits you!
* * * LOW HITPOINT WARNING * * *
The acid corrodes you!
You are splashed with acid!
* * * LOW HITPOINT WARNING * * *
The oklob plant spits acid at you. The splash of acid hits you!
You die...

####### #PP(P?# #!$[..#
#..$.!# #?.(.[# #=$).!#
# ##.....#.# #.......#
##.@...## ### ####...##
##.####......#
#####..†##.......#
#P.†††..†##......##....
#..#.....##.#.......>..
##†#.....##.#........#
#.##...##..........###.
##..##.###.....#........


You could see 3 oklob plants.

Vanquished Creatures
  Gastronok (Lair:1)
  2 boulder beetles (D:12)
  3 hydras
  3 two-headed ogres
  A hell hog (Volcano)
  Urug (D:12)
  A fire crab (Volcano)
  An oklob plant (Lair:4)
  A cyclops (D:8)
  9 elephants
  2 molten gargoyles (Volcano)
  A gargoyle (D:11)
  8 cane toads
  2 rime drakes
  Psyche (D:9)
  7 komodo dragons
  3 trolls (D:12)
  A polar bear (Lair:4)
  Grinder (D:3)
  15 blink frogs
  Prince Ribbit (D:9)
  9 slime creatures
  A snapping turtle (Lair:2)
  Sigmund (D:3)
  A spriggan (shapeshifter) (D:10)
  A shadow (D:12)
  A wyvern (D:9)
  2 wraiths
  A vampire (D:13)
  8 fire bats (Volcano)
  36 yaks
  4 basilisks
  A steam dragon (Volcano)
  4 vampire mosquitoes (D:10)
  Edmund (D:6)
  A hell hound (Volcano)
  Duvessa (D:6)
  12 water moccasins
  2 orc warriors
  5 black bears (Lair:1)
  2 centaurs
  3 ogres
  8 wolves
  2 kobold brigands
  A wyvern zombie (D:7)
  11 bullfrogs
  2 gnoll sergeants
  A wyvern skeleton (D:6)
  A water moccasin skeleton (D:6)
  Dowan (D:6)
  16 killer bees
  3 vampire bats (Lair:4)
  An electric eel (Lair:1)
  4 howler monkeys
  2 lava snakes (Volcano)
  A bullfrog zombie (D:7)
  3 centaur zombies
  10 orc priests
  A gnoll shaman (D:7)
  A centaur skeleton (D:6)
  Crazy Yiuf (D:2)
  Jessica (D:3)
  Natasha (thrice) (D:3)
  Terence (D:2)
  2 iguanas (D:5)
  9 orc wizards
  Ijyb (D:5)
  15 gnolls
  6 adders
  An ufetubus (D:3)
  A worm (D:2)
  4 dart slugs
  30 orcs
  13 bats
  8 endoplasms
  2 giant cockroaches
  5 goblins
  3 hobgoblins
  8 jackals
  9 kobolds
  5 quokkas
  3 ball pythons
  2 frilled lizards (D:3)
  6 rats
370 creatures vanquished.

Vanquished Creatures (others)
  A wizard (D:9)
  77 fulminant prisms
  18 fungi
  33 plants
  3 withered plants (D:8)
132 creatures vanquished.

Grand Total: 502 creatures vanquished

Notes
Turn   | Place    | Note
-------+----------+-------------------------------------------
     0 | D:1      | porpoise the Djinni Conjurer began the quest for the Orb.
     0 | D:1      | Reached XP level 1. HP: 15/15 MP: 0/0
   549 | D:1      | Reached skill level 1 in Fighting
   549 | D:1      | Reached XP level 2. HP: 19/22 MP: 0/0
  1829 | D:2      | Reached XP level 3. HP: 23/27 MP: 0/0
  1829 | D:2      | Learned a level 1 spell: Beastly Appendage
  2042 | D:2      | Reached skill level 2 in Fighting
  2047 | D:2      | Reached XP level 4. HP: 21/34 MP: 0/0
  2570 | D:2      | Noticed Terence
  2575 | D:2      | Killed Terence
  2695 | D:2      | Found an opulent altar of Gozag.
  2850 | D:2      | Found a runed translucent door.
  2851 | D:2      | Noticed Crazy Yiuf
  2858 | D:2      | Killed Crazy Yiuf
  2859 | D:2      | Reached skill level 3 in Fighting
  2859 | D:2      | Reached XP level 5. HP: 15/40 MP: 0/0
  2859 | D:2      | Learned a level 2 spell: Passwall
  3207 | D:3      | Noticed Natasha
  3211 | D:3      | Killed Natasha
  3270 | D:3      | Noticed Natasha
  3272 | D:3      | Killed Natasha
  3327 | D:3      | Noticed Natasha
  3333 | D:3      | Killed Natasha
  3657 | D:3      | Reached skill level 5 in Spellcasting
  3657 | D:3      | Reached XP level 6. HP: 45/47 MP: 0/0
  3968 | D:3      | Noticed Grinder
  3973 | D:3      | Killed Grinder
  3974 | D:3      | Reached skill level 4 in Fighting
  3974 | D:3      | Reached XP level 7. HP: 42/53 MP: 0/0
  3974 | D:3      | Learned a level 3 spell: Stone Arrow
  4083 | D:3      | Noticed Sigmund
  4088 | D:3      | Killed Sigmund
  4089 | D:3      | Reached skill level 5 in Fighting
  4298 | D:3      | Found a faded altar of an unknown god.
  4351 | D:3      | Noticed Jessica
  4353 | D:3      | Killed Jessica
  4870 | D:4      | Found Deffy's Antique Armour Shoppe.
  5234 | D:5      | Entered Level 5 of the Dungeon
  5627 | D:5      | Reached skill level 6 in Fighting
  5627 | D:5      | Reached XP level 8. HP: 57/61 MP: 0/0
  5973 | D:5      | Noticed Ijyb
  5980 | D:5      | Killed Ijyb
  6270 | D:6      | Noticed Edmund
  6270 | D:6      | Noticed a four-headed hydra
  6572 | D:6      | Found a burning altar of Makhleb.
  6580 | D:6      | Became a worshipper of Makhleb the Destroyer
  6605 | D:6      | Identified the +2 robe "Fyzeeme" {Int+4 Stlth+}
  6772 | D:6      | Killed Edmund
  6908 | D:6      | Noticed Duvessa
  6909 | D:6      | Found a hazy altar of Hepliaklqana.
  6909 | D:6      | Noticed Dowan
  6920 | D:6      | Killed Dowan
  6921 | D:6      | Reached skill level 7 in Fighting
  6959 | D:6      | Killed Duvessa
  6960 | D:6      | Reached skill level 1 in Shields
  7376 | D:6      | Found a sparkling altar of Nemelex Xobeh.
  7641 | D:7      | Reached XP level 9. HP: 52/68 MP: 0/0
  7641 | D:7      | Learned a level 4 spell: Summon Ice Beast
  7734 | D:7      | Found a broken altar of Ashenzari.
  7931 | D:7      | Reached skill level 5 in Dodging
  8086 | D:7      | Reached skill level 1 in Evocations
  8110 | D:7      | Found a staircase to the Ecumenical Temple.
  8652 | D:4      | Bought a crude leather armour for 196 gold pieces
  8652 | D:4      | Identified the +2 leather armour of Vugulutt {Drain +Blink
                  | Str+5 Int+2} (You bought it in a shop on level 4 of the
                  | Dungeon)
  8861 | D:8      | Reached skill level 1 in Armour
  8875 | D:8      | Reached * piety under Makhleb
  9112 | D:8      | Found Uhooross's Book Shoppe.
  9134 | D:8      | Found Ogethru's General Store.
  9185 | D:8      | Noticed a cyclops
  9203 | D:8      | Killed a cyclops
  9776 | D:8      | Found Zuefycw's Magic Scroll Shoppe.
  9825 | D:8      | Found a blossoming altar of Fedhas.
  9968 | D:9      | Noticed Psyche
  9972 | D:9      | Killed Psyche
  9973 | D:9      | Reached skill level 5 in Evocations
 10040 | D:9      | Identified the +9 shortbow "Nuvuwoupt" {speed, Str+5}
 10109 | D:9      | Noticed Prince Ribbit
 10114 | D:9      | Killed Prince Ribbit
 10115 | D:9      | Reached XP level 10. HP: 75/75 MP: 0/0
 10316 | D:9      | Noticed a two-headed ogre
 10322 | D:9      | Killed a two-headed ogre
 10323 | D:9      | Reached skill level 5 in Armour
 10337 | D:9      | Reached skill level 8 in Fighting
 10744 | D:9      | Found a stormy altar of Qazlal.
 11171 | D:9      | Reached skill level 9 in Fighting
 11310 | D:9      | Found a shadowy altar of Dithmenos.
 11434 | D:9      | Found a bloodstained altar of Trog.
 11437 | D:9      | Noticed a wizard
 11588 | D:9      | Killed a wizard
 11777 | D:10     | Entered Level 10 of the Dungeon
 11777 | D:10     | Found a staircase to the Orcish Mines.
 11857 | D:10     | Reached skill level 1 in Invocations
 11917 | D:10     | Noticed a two-headed ogre
 11923 | D:10     | Killed a two-headed ogre
 12156 | D:10     | Reached XP level 11. HP: 47/85 MP: 0/0
 12156 | D:10     | Learned a level 5 spell: Borgnjor's Vile Clutch
 12360 | D:10     | Noticed a two-headed ogre
 12367 | D:10     | Killed a two-headed ogre
 12368 | D:10     | Reached skill level 10 in Fighting
 12490 | D:10     | Found a basalt altar of Yredelemnul.
 12490 | D:10     | Found a snail-covered altar of Cheibriados.
 13076 | D:11     | Reached ** piety under Makhleb
 13426 | D:11     | Reached skill level 5 in Invocations
 13589 | D:11     | Found a staircase to the Lair.
 13851 | D:11     | Identified the +2 hand axe of the Immovable Seers {freeze,
                  | rElec SInv}
 13865 | D:11     | You are sucked into a shaft and drop 1 floor!
 14115 | D:12     | Noticed a boulder beetle
 14183 | D:12     | Killed a boulder beetle
 14201 | D:12     | Noticed Urug
 14204 | D:12     | Killed Urug
 14205 | D:12     | Reached skill level 11 in Fighting
 14224 | D:12     | Noticed a five-headed hydra
 14231 | D:12     | Killed a five-headed hydra
 14428 | D:11     | You are sucked into a shaft and drop 2 floors!
 14622 | D:11     | Identified the +7 spear "Xemiemae" {vorpal, *Noise Dex+5}
 14659 | D:11     | Found a portal to a secret trove of treasure.
 15027 | D:12     | Noticed a boulder beetle
 15038 | D:12     | Killed a boulder beetle
 15039 | D:12     | Reached XP level 12. HP: 94/94 MP: 0/0
 16010 | Lair:1   | Entered Level 1 of the Lair of Beasts
 16135 | Lair:1   | Reached skill level 12 in Fighting
 16178 | Lair:1   | Noticed Gastronok
 16192 | Lair:1   | Killed Gastronok
 16231 | Lair:1   | Reached *** piety under Makhleb
 17078 | Lair:1   | Reached skill level 5 in Stealth
 17392 | Lair:1   | Noticed a seven-headed hydra
 17399 | Lair:1   | Killed a seven-headed hydra
 18183 | D:8      | Bought an amulet of regeneration for 420 gold pieces
 18514 | Lair:2   | Found a dark tunnel.
 18530 | Volcano  | Entered a volcano
 18611 | Volcano  | Noticed a hell hog
 18617 | Volcano  | Reached XP level 13. HP: 102/102 MP: 0/0
 18617 | Volcano  | Learned a level 5 spell: Manifold Assault
 18974 | Lair:2   | Reached skill level 13 in Fighting
 19265 | Lair:2   | Found a staircase to the Shoals.
 19327 | Lair:2   | Reached **** piety under Makhleb
 20401 | Lair:3   | Reached skill level 10 in Spellcasting
 21715 | Lair:4   | Found a hole to the Spider Nest.
 21824 | Lair:4   | Reached skill level 14 in Fighting
 21951 | Lair:4   | Reached ***** piety under Makhleb
 22003 | Lair:4   | Reached XP level 14. HP: 112/112 MP: 0/0
 22868 | Lair:4   | HP: 4/112 [acid (12)]
 22869 | Lair:4   | Killed from afar by an oklob plant

Illustrated notes

Levels and vault maps discovered:
D:1:      dpeg_arrival_rhombus, layout_basic
D:2:      layout_rooms, basic_altar, minmay_tromino_i4, uniq_terence,
          uniq_crazy_yiuf_cottage
D:3:      layout_rooms, ebering_ecumenical_altar_rust, minmay_joined_circles,
          uniq_grinder, uniq_natasha, uniq_sigmund, uniq_jessica
D:4:      layout_loops_ring, serial_shops, nicolae_shop_stone
D:5:      layout_loops_ring, uniq_ijyb
D:6:      layout_loops_ring, overflow_temple_1_default,
          nemelex_dance_club_becter, lemuel_tele_altar, kennysheep_mini,
          hangedman_decor_points, uniq_duvessa, uniq_edmund
D:7:      layout_basic, ashenzari_conservatory_becter,
          minmay_temple_entry_mini_moons, grunt_decor_resistance
D:8:      layout_loops_cross, grunt_temple_overflow_growth_and_decay,
          serial_shops, nicolae_shop_behind_doors, kennysheep_little_box, shop,
          minmay_sticks_and_stones
D:9:      layout_stronghold, overflow_temple_1_default, trog_wizard,
          nicolae_qazlal_scattered_showers, uniq_psyche, uniq_prince_ribbit1
D:10:     layout_gridville, overflow_temple_1_default,
          gammafunk_temple_overflow_wave, small_chamber_with_monster
D:11:     layout_gridville, lair_entry_dummy, nicolae_trove_entry_crystal
D:12:     layout_stronghold, uniq_urug
D:13:     layout_stronghold, erik_vaults_1
Lair:1:   statuecave_lemuel, layout_cave_pods, beast_lair_carwin_1,
          uniq_gastronok
Lair:2:   layout_roguey, minmay_shoals_entry_hut, enter_volcano_4
Lair:3:   layout_hall_layers, beast_lair_carwin_2
Lair:4:   layout_cave_shapes, spider_nest_entry_web_field, serial_bayou_pond_b,
          roderic_batcave, minmay_lair_oklob_chamber, grunt_megastairs_4

Skill      XL: |  1  2  3  4  5  6  7  8  9 10 11 12 13 14 |
---------------+-------------------------------------------+-----
Fighting       | 1 2 3 4 6 7 9 11 12 14 | 14.0
Spellcasting   | 4 5 6 7 8 9 10 11 | 11.0
Shields        | 3 4 |  4.0
Dodging        | 4 5 8 9 |  9.0
Evocations     | 5 6 |  6.4
Armour         | 4 7 |  7.0
Invocations    | 3 5 |  5.0
Stealth        | 5 |  5.0

Action                   |  1- 3 |  4- 6 |  7- 9 | 10-12 | 13-15 || total
-------------------------+-------+-------+-------+-------+-------++-------
Melee: Staff             |    11 |       |       |       |       ||    11
       Short sword       |       |     1 |       |       |       ||     1
       Hand axe          |       |       |       |       |     3 ||     3
 Fire: Hunting sling     |       |       |    54 |       |       ||    54
       Shortbow          |       |       |     5 |   160 |    98 ||   263
 Cast: Magic Dart        |    30 |    24 |    11 |       |     4 ||    69
       Searing Ray       |     8 |    16 |    36 |    19 |     9 ||    88
       Fulminant Prism   |       |     1 |    17 |    23 |    36 ||    77
       Stone Arrow       |       |       |    37 |   134 |   124 ||   295
       Dazzling Flash    |       |       |     2 |       |       ||     2
       Iskenderun's Myst |       |       |     2 |    18 |    25 ||    45
       Borgnjor's Vile C |       |       |       |     3 |     4 ||     7
       Manifold Assault  |       |       |       |       |     1 ||     1
 Abil: Evoke Blink       |       |       |       |       |     1 ||     1
Evoke: Wand              |       |       |       |    16 |       ||    16
  Use: Scroll            |       |       |    13 |     9 |     3 ||    25
Armor: Robe              |     1 |     1 |     3 |       |       ||     5
       Leather armour    |       |       |     4 |     9 |    15 ||    28
Dodge: Dodged            |    19 |     8 |    20 |    54 |    54 ||   155
Block: Buckler           |       |       |     3 |       |       ||     3

Table legend: (Time is in decaauts)
 A = Elapsed time spent in this place.
 B = Non-inter-level travel time spent in this place.
 C = Inter-level travel time spent in this place.
 D = Time resting spent in this place.
 E = Time spent auto-exploring this place.
 F = Levels seen in this place.
 G = Mean time per level.
                   A        B        C        D        E       F      G
               +--------+--------+--------+--------+--------+-----+--------+
         Total |  22857 |  21840 |   1017 |   9357 |   9863 |  18 | 1269.8 |
       Dungeon |  16262 |  15486 |    776 |   6784 |   7172 |  13 | 1250.9 |
          Lair |   6171 |   5931 |    240 |   2352 |   2691 |   4 | 1542.8 |
       Volcano |    423 |    423 |      0 |    220 |      0 |   1 |  423.0 |
               +--------+--------+--------+--------+--------+-----+--------+

Top non-repeatable levels by time:
  Lair:1: 2225 daAuts
     D:1: 1826 daAuts
     D:9: 1821 daAuts
    D:12: 1780 daAuts
  Lair:3: 1771 daAuts
     D:2: 1357 daAuts
    D:10: 1347 daAuts
    D:11: 1279 daAuts
     D:8: 1262 daAuts
     D:6: 1236 daAuts
     D:3: 1234 daAuts
  Lair:4: 1226 daAuts
     D:5: 1159 daAuts
     D:4: 982 daAuts
     D:7: 963 daAuts
